Map: Efflorescence LE

Players

ErneGosu

  • Race: Protoss Protoss
  • League: Platinum
  • Spawn Location: 6:00

Androide

  • Race: Protoss Protoss
  • League: Gold
  • Spawn Location: 9:00

qqq

  • Race: Protoss Protoss
  • League: Platinum
  • Spawn Location: 12:00

Massa

  • Race: Terran Terran
  • League: Gold
  • Spawn Location: 3:00

VOD

Have the link to the VOD?

Description

Time

  • Played on: June 7, 2020, 5:44 a.m.
  • Length: 19:09
Show
View Real Time Build Order
Export as new Build Order

ErneGosu Protoss 

Build Orders:  

Get SALT Encoding   

  12  0:03  Probe (Chrono Boost)  
  13  0:13  Probe (Chrono Boost)  
  14  0:17  Probe (Chrono Boost)  
  15  0:30  Pylon  
  15  0:38  Assimilator  
  15  0:48  Probe  
  16  0:58  Gateway  
  16  1:00  Probe  
  17  1:06  Gateway  
  17  1:12  Probe  
  18  1:24  Probe  
  19  1:38  Pylon  
  19  1:39  Probe  
  20  1:55  Cybernetics Core  
  20  2:06  Pylon  
  20  2:20  Assimilator  
  20  2:29  Stalker (Chrono Boost)  
  20  2:30  Stalker (Chrono Boost)  
  20  2:35  Warp Gate  
  24  2:43  Pylon  
  24  2:51  Stalker  
  24  2:52  Stalker  
  28  3:02  Gateway  
  27  3:21  Stalker  
  27  3:22  Stalker  
  31  3:49  Stalker  
  31  3:51  Stalker  
  31  4:13  Stalker  
  33  4:22  Robotics Facility  
  33  4:52  Twilight Council  
  33  4:53  Probe  
  34  5:02  Forge  
  34  5:05  Probe, Zealot x3  
  41  5:09  Observer  
  42  5:17  Probe  
  39  5:25  Charge (Chrono Boost)  
  39  5:29  Probe  
  39  5:30  Immortal  
  44  5:36  Photon Cannon  
  44  5:40  Shield Battery  
  42  6:10  Observer  
  43  6:16  Probe  
  44  6:31  Nexus  
  43  6:34  Probe  
  44  6:57  Probe  
  45  7:02  Observer  
  46  7:09  Observer  
  46  7:10  Templar Archives  
  46  7:11  Probe  
  47  7:20  Pylon  
  47  7:22  Pylon  
  47  7:47  Psionic Storm  
  47  7:59  High Templar  
  47  8:00  Zealot x2  
  53  8:13  Probe x2  
  53  8:17  Photon Cannon  
  53  8:19  Shield Battery  
  55  8:20  Assimilator  
  55  8:25  Probe x2  
  55  8:26  Assimilator  
  57  8:28  High Templar  
  57  8:33  Protoss Ground Weapons Level 1 (Chrono Boost)  
  59  8:37  Probe  
  60  8:49  Probe, Pylon  
  60  9:02  Probe x2  
  62  9:07  High Templar  
  64  9:14  Probe x2  
  66  9:20  Shield Battery  
  66  9:26  Probe x2  
  66  9:27  Zealot x2  
  72  9:40  Probe  
  72  9:41  Probe  
  74  9:56  Probe, Stargate x2  
  74  9:57  Probe  
  76  10:03  Observer  
  77  10:08  Probe  
  77  10:09  Probe  
  77  10:12  Gateway  
  79  10:14  Gateway  
  79  10:23  Zealot x3  
  79  10:24  Observer  
  86  10:41  Fleet Beacon  
  86  10:44  Pylon  
  86  11:02  Observer  
  86  11:03  Nexus  
  87  11:06  Pylon  
  87  11:08  Pylon  
  87  11:15  High Templar, Stalker  
  87  11:16  Stalker  
  93  11:25  Probe x2  
  91  11:48  Photon Cannon  
  91  11:49  Photon Cannon  
  91  11:51  Shield Battery  
  90  11:54  Carrier, Shield Battery  
  96  12:03  Zealot, Stalker  
  96  12:04  Stalker  
  102  12:10  Probe x2  
  104  12:22  Probe  
  104  12:29  Observer  
  105  12:30  Carrier  
  105  12:34  Probe x3  
  114  12:38  Photon Cannon  
  114  12:40  Pylon  
  114  12:41  High Templar x2  
  114  12:43  Assimilator  
  118  12:45  Archon  
  118  12:49  Assimilator  
  118  12:50  Observer  
  119  12:56  Protoss Shields Level 1  
  119  13:02  Carrier  
  125  13:06  Probe  
  125  13:07  Probe  
  125  13:12  Probe  
  128  13:15  Protoss Air Weapons Level 1  
  128  13:19  Probe x2  
  130  13:22  Stargate  
  130  13:25  Zealot  
  132  13:29  Pylon  
  132  13:39  Pylon  
  132  13:43  Observer  
  133  14:01  Pylon  
  131  14:11  Carrier  
  131  14:12  Carrier  
  131  14:13  Phoenix  
  145  14:17  Anion Pulse-Crystals  
  143  14:38  Phoenix  
  145  15:02  Photon Cannon  
  145  15:03  Tempest  
  150  15:14  High Templar  
  150  15:15  High Templar  
  150  15:16  Zealot  
  150  15:18  Protoss Air Armor Level 1 (Chrono Boost)  
  156  15:40  Pylon  
  156  16:03  Tempest  
  156  16:04  Tempest  
  165  16:12  Pylon x2  
  163  16:30  Tempest  
  168  16:37  Zealot x5  
  125  17:06  Tempest  
  125  17:07  Tempest  
  134  17:43  Pylon  
  130  17:47  Pylon  
  130  17:49  Pylon  
  148  18:15  Forge  
  148  18:19  Pylon  
  148  18:20  Pylon  
  142  18:42  Zealot x3  
  142  18:46  Assimilator  
Show
View Real Time Build Order
Export as new Build Order

Androide Protoss 

Build Orders: Carriers 

Get SALT Encoding   

  12  0:01  Probe (Chrono Boost)  
  13  0:11  Probe (Chrono Boost)  
  14  0:16  Probe (Chrono Boost)  
  15  0:35  Pylon  
  15  0:39  Assimilator  
  15  0:54  Probe  
  16  1:01  Gateway  
  16  1:06  Probe (Chrono Boost)  
  17  1:16  Probe (Chrono Boost)  
  18  1:21  Probe (Chrono Boost)  
  19  1:51  Zealot (Chrono Boost)  
  21  2:00  Probe  
  22  2:11  Assimilator  
  22  2:12  Probe  
  22  2:14  Pylon  
  22  2:37  Cybernetics Core  
  14  3:48  Pylon  
  13  3:49  Probe  
  14  4:01  Probe  
  15  4:10  Robotics Facility  
  15  4:13  Probe (Chrono Boost)  
  15  4:16  Gateway  
  17  4:25  Probe (Chrono Boost)  
  17  4:32  Probe (Chrono Boost)  
  17  4:38  Probe  
  19  4:50  Probe  
  20  4:57  Warp Prism  
  22  5:02  Probe  
  22  5:06  Robotics Bay  
  23  5:11  Pylon  
  23  5:15  Probe  
  23  5:20  Pylon  
  24  5:28  Probe (Chrono Boost)  
  25  5:34  Immortal  
  29  5:37  Probe (Chrono Boost)  
  29  5:40  Pylon  
  29  5:42  Probe (Chrono Boost)  
  31  5:59  Nexus  
  31  6:07  Extended Thermal Lance  
  31  6:13  Colossus (Chrono Boost)  
  37  6:24  Probe  
  38  6:28  Forge  
  38  6:36  Probe  
  37  6:50  Stalker  
  36  7:14  Probe (Chrono Boost)  
  37  7:25  Probe (Chrono Boost)  
  39  7:32  Probe (Chrono Boost)  
  39  7:39  Probe (Chrono Boost)  
  40  7:50  Probe  
  41  8:03  Probe  
  42  8:15  Probe, Observer  
  44  8:36  Observer  
  44  8:37  Probe  
  46  8:48  Stalker  
  46  8:49  Probe  
  47  9:18  Stalker  
  47  9:23  Probe (Chrono Boost)  
  50  9:26  Photon Cannon  
  50  9:30  Photon Cannon  
  50  9:32  Probe (Chrono Boost)  
  52  9:40  Probe (Chrono Boost)  
  52  9:41  Probe (Chrono Boost)  
  52  9:44  Colossus  
  59  9:46  Probe (Chrono Boost)  
  59  9:47  Probe (Chrono Boost)  
  61  9:57  Stargate  
  61  9:58  Probe x2  
  63  10:00  Pylon  
  63  10:02  Assimilator  
  63  10:03  Assimilator  
  63  10:10  Probe  
  63  10:11  Probe  
  65  10:22  Probe  
  66  10:34  Probe  
  67  10:39  Pylon  
  67  10:40  Stargate  
  67  10:46  Probe  
  67  10:47  Fleet Beacon  
  74  10:50  Warp Prism  
  74  10:55  Pylon  
  70  10:59  Probe  
  70  11:02  Probe  
  72  11:05  Photon Cannon  
  72  11:07  Protoss Air Weapons Level 1 (Chrono Boost)  
  72  11:08  Photon Cannon  
  72  11:11  Probe  
  73  11:12  Pylon  
  73  11:14  Probe  
  74  11:23  Probe  
  75  11:26  Probe  
  75  11:31  Carrier (Chrono Boost)  
  76  11:35  Probe  
  76  11:38  Probe  
  84  11:43  Carrier (Chrono Boost)  
  90  11:47  Probe  
  90  11:50  Probe  
  91  12:28  Carrier  
  91  12:29  Photon Cannon  
  97  12:32  Pylon  
  97  12:34  Pylon  
  97  12:48  Pylon  
  97  12:50  Carrier  
  103  12:52  Pylon  
  103  12:55  Pylon  
  103  13:03  Mothership (Chrono Boost)  
  111  13:18  Pylon  
  111  13:27  Protoss Air Weapons Level 2 (Chrono Boost)  
  111  13:30  Carrier (Chrono Boost)  
  117  13:48  Nexus  
  117  13:51  Pylon  
  117  13:52  Carrier (Chrono Boost)  
  123  13:56  Assimilator  
  123  14:00  Assimilator  
  123  14:04  Stargate  
  123  14:29  Stargate  
  129  14:38  Carrier (Chrono Boost)  
  129  14:56  Probe x2  
  131  15:03  Carrier (Chrono Boost)  
  143  15:08  Probe x2  
  143  15:09  Probe  
  143  15:13  Carrier (Chrono Boost)  
  146  15:20  Probe x2  
  148  15:32  Probe x2  
  150  15:37  Protoss Air Armor Level 1 (Chrono Boost)  
  150  15:40  Probe  
  151  15:44  Probe x2  
  151  15:48  Carrier  
  159  15:52  Carrier  
  159  15:56  Probe x2  
  167  16:08  Carrier  
  173  16:11  Pylon  
  173  16:23  Probe x2  
  173  16:24  Nexus  
  160  17:02  Carrier x3  
  178  17:17  Pylon  
  177  17:31  Carrier  
  168  18:52  Probe  
  168  18:53  Assimilator  
  168  18:55  Probe  
Show
View Real Time Build Order
Export as new Build Order

qqq Protoss 

Build Orders: Cannon Rush 

Get SALT Encoding   

  12  0:02  Probe  
  13  0:17  Pylon  
  13  0:31  Probe  
  14  0:49  Forge  
  14  0:53  Pylon  
  14  1:24  Pylon  
  14  1:27  Pylon  
  14  1:28  Pylon  
  14  1:29  Photon Cannon  
  13  1:44  Photon Cannon  
  13  1:54  Photon Cannon  
  12  2:01  Probe  
  13  2:13  Probe  
  14  2:25  Probe  
  15  2:38  Probe  
  15  2:40  Pylon  
  16  2:44  Photon Cannon  
  16  2:47  Pylon  
  16  2:49  Pylon  
  16  2:50  Probe  
  17  2:59  Photon Cannon  
  17  3:15  Photon Cannon  
  17  3:43  Photon Cannon  
  17  3:46  Probe, Photon Cannon  
  17  3:48  Pylon  
  18  3:51  Gateway  
  17  4:31  Assimilator  
  17  4:32  Nexus  
  17  4:41  Cybernetics Core  
  17  4:42  Probe  
  18  4:54  Probe  
  19  5:05  Assimilator  
  19  5:06  Probe  
  20  5:16  Pylon  
  20  5:18  Probe  
  21  5:30  Probe  
  22  5:40  Twilight Council  
  22  5:42  Probe  
  23  5:50  Photon Cannon  
  23  5:52  Photon Cannon  
  23  5:54  Probe  
  23  5:56  Pylon  
  24  6:00  Probe  
  25  6:12  Probe  
  26  6:23  Dark Shrine  
  26  6:24  Probe  
  27  6:36  Probe  
  27  6:39  Robotics Facility  
  28  6:43  Pylon  
  28  6:47  Photon Cannon  
  28  6:49  Probe  
  25  7:03  Assimilator  
  25  7:06  Assimilator  
  25  7:17  Probe  
  26  7:29  Probe  
  27  7:34  Pylon  
  27  7:38  Dark Templar (Chrono Boost)  
  29  7:57  Probe  
  29  8:06  Observer  
  29  8:09  Probe  
  31  8:21  Probe  
  30  8:33  Probe  
  31  8:45  Probe  
  32  8:49  Photon Cannon  
  32  8:52  Photon Cannon  
  32  8:56  Dark Templar  
  32  8:58  Probe  
  35  9:10  Probe (Chrono Boost)  
  36  9:21  Probe (Chrono Boost)  
  37  9:26  Probe (Chrono Boost)  
  38  9:31  Probe  
  38  9:35  Dark Templar  
  38  9:36  Probe  
  40  9:40  Stargate  
  40  9:43  Probe  
  41  9:48  Probe  
  42  10:05  Stargate  
  42  10:14  Dark Templar  
  40  10:22  Probe  
  40  10:26  Phoenix (Chrono Boost)  
  43  10:34  Probe  
  44  10:41  Pylon  
  44  10:42  Phoenix (Chrono Boost)  
  44  10:44  Pylon  
  44  10:46  Probe  
  47  10:53  Dark Templar  
  47  10:57  Phoenix  
  51  10:58  Probe  
  52  11:06  Phoenix  
  52  11:08  Photon Cannon  
  52  11:11  Probe, Photon Cannon  
  55  11:14  Photon Cannon  
  55  11:21  Photon Cannon  
  55  11:22  Phoenix  
  57  11:33  Dark Templar  
  59  11:41  Void Ray  
  59  11:46  Void Ray  
  63  12:12  Dark Templar  
  59  12:40  Void Ray  
  59  12:41  Void Ray  
  67  12:44  Probe  
  67  12:51  Stalker  
  68  12:56  Probe  
  71  13:08  Probe  
  72  13:20  Probe  
  72  13:21  Stalker  
  72  13:23  Void Ray  
  79  13:27  Fleet Beacon  
  79  13:32  Probe  
  80  13:36  Nexus  
  80  13:40  Protoss Air Weapons Level 1  
  80  13:51  Stalker  
  82  14:01  Pylon  
  82  14:08  Pylon  
  82  14:21  Stalker  
  80  14:39  Phoenix x2  
  80  14:52  Mothership  
  80  14:59  Probe  
  81  15:03  Phoenix (Chrono Boost)  
  81  15:04  Phoenix (Chrono Boost)  
  85  15:11  Probe  
  86  15:22  Stargate  
  86  15:23  Probe  
  86  15:27  Phoenix x2 (Chrono Boost)  
  91  15:35  Probe  
  91  15:41  Stargate  
  92  15:43  Phoenix  
  92  15:44  Phoenix  
  92  15:45  Nexus  
  92  15:48  Probe  
  97  16:00  Pylon  
  97  16:07  Pylon  
  97  16:08  Phoenix  
  97  16:09  Phoenix x2  
  103  16:15  Pylon  
  103  16:22  Pylon  
  103  16:32  Pylon  
  103  16:33  Tempest, Phoenix  
  77  17:02  Phoenix x2  
  82  17:10  Dark Templar  
  84  17:16  Probe, Phoenix  
  82  17:27  Phoenix x2  
  82  17:28  Probe  
  79  17:40  Probe  
  79  17:41  Phoenix  
  72  17:52  Probe  
  71  17:59  Phoenix x2  
  71  18:04  Probe  
  68  18:06  Phoenix  
  65  18:24  Phoenix x2  
Show
View Real Time Build Order
Export as new Build Order

Massa Terran 

Build Orders:  

Get SALT Encoding   

  12  0:10  Supply Depot  
  12  0:13  SCV  
  13  0:25  SCV  
  14  0:37  Barracks  
  14  0:39  SCV  
  15  0:47  Refinery  
  15  0:51  SCV  
  16  0:58  Refinery  
  16  1:03  SCV  
  17  1:10  Supply Depot  
  17  1:16  SCV  
  18  1:28  SCV, Marine  
  20  1:40  SCV  
  20  1:46  Marine  
  22  1:52  Supply Depot  
  22  2:06  SCV, Factory  
  23  2:18  SCV  
  23  2:22  Marine  
  25  2:30  SCV  
  26  2:40  Marine  
  27  2:53  Orbital Command  
  27  2:57  Starport  
  27  2:58  Marine  
  28  3:02  Factory Tech Lab  
  28  3:39  Siege Tank  
  31  3:43  Marine  
  30  3:56  Starport Tech Lab  
  30  3:59  Starport  
  30  4:01  Marine  
  31  4:15  Command Center  
  31  4:19  Marine  
  32  4:26  Raven  
  34  4:35  SCV  
  34  4:37  Marine  
  36  4:43  Siege Tank  
  36  4:45  Starport Tech Lab  
  39  4:50  Supply Depot  
  39  4:59  Corvid Reactor  
  39  5:11  Raven  
  39  5:12  SCV, Supply Depot  
  42  5:19  Refinery  
  41  5:24  SCV  
  42  5:30  SCV  
  43  5:36  SCV  
  43  5:39  Raven  
  46  5:42  SCV  
  46  5:48  SCV  
  48  5:55  SCV  
  49  6:00  SCV  
  50  6:07  SCV  
  51  6:12  SCV  
  51  6:15  Command Center  
  51  6:17  Engineering Bay  
  52  6:19  SCV  
  52  6:20  Siege Tank  
  52  6:24  SCV  
  57  6:26  Raven  
  57  6:31  SCV  
  60  6:45  Engineering Bay  
  57  7:49  Marine  
  56  7:51  Siege Tank  
  58  8:07  Marine  
  59  8:25  Marine  
  60  8:42  Marine  
  61  9:00  Marine  
  62  9:18  Marine  
  63  9:31  Command Center  
  63  9:32  Command Center  
  63  9:35  SCV  
  63  9:36  SCV, Marine  
  66  9:42  Supply Depot  
  66  9:47  SCV  
  66  9:48  SCV  
  68  9:53  Barracks x3  
  68  9:54  Marine  
  68  9:59  SCV  
  70  10:00  SCV  
  70  10:05  Supply Depot  
  71  10:10  Refinery  
  71  10:11  SCV, Marine  
  71  10:12  SCV  
  71  10:13  Siege Tank  
  77  10:24  SCV x2  
  77  10:28  Supply Depot  
  79  10:29  Banshee x2, Marine  
  79  10:33  Cloaking Field  
  79  10:35  Hyperflight Rotors  
  86  10:36  SCV x2  
  86  10:38  Terran Infantry Armor Level 1, Terran Infantry Weapons Level 1  
  86  10:42  Factory  
  88  10:51  Supply Depot  
  88  10:52  Planetary Fortress  
  88  11:03  SCV  
  88  11:04  SCV  
  90  11:12  Banshee x2  
  90  11:13  Supply Depot  
  90  11:15  SCV  
  90  11:16  SCV  
  90  11:17  SCV  
  99  11:28  SCV x2  
  99  11:29  SCV  
  101  11:36  Sensor Tower, Supply Depot  
  91  11:40  SCV x2  
  91  11:41  SCV  
  91  11:43  Factory Tech Lab  
  91  11:46  Barracks Reactor x2, Barracks Tech Lab  
  94  11:52  SCV x2  
  94  11:53  SCV  
  97  11:54  SCV  
  97  11:55  Banshee x2  
  97  12:01  Supply Depot  
  104  12:05  SCV  
  104  12:07  SCV  
  104  12:08  Command Center  
  106  12:12  SCV x2  
  108  12:17  SCV  
  108  12:21  Planetary Fortress  
  109  12:24  SCV x2, Supply Depot  
  109  12:29  SCV  
  112  12:36  SCV x2, Sensor Tower  
  114  12:38  Banshee  
  114  12:39  Stimpack  
  114  12:41  Barracks Tech Lab  
  114  12:42  Marauder  
  114  12:43  Marine x4  
  123  12:48  Supply Depot  
  123  12:53  Refinery  
  123  12:56  Refinery  
  123  12:59  SCV  
  123  13:00  SCV x2  
  123  13:01  Marine x4  
  123  13:04  Marauder  
  111  13:05  Orbital Command  
  132  13:12  SCV x3  
  135  13:15  Siege Tank  
  135  13:18  Marine  
  135  13:19  Marine x3  
  142  13:22  Armory  
  142  13:23  Neosteel Armor  
  142  13:24  SCV x3  
  142  13:25  Hi-Sec Auto Tracking, Armory, Marauder  
  147  13:34  Planetary Fortress  
  147  13:36  SCV x2, Marine  
  147  13:37  Marine x3  
  147  13:38  Banshee x2  
  159  13:47  Marauder, Siege Tank  
  164  13:51  Siege Tank  
  167  14:08  Marauder  
  169  14:18  Combat Shield  
  169  14:20  Banshee  
  172  14:25  Command Center  
  172  14:31  Command Center  
  172  14:35  Marauder x2  
  172  14:36  Marine x4  
  180  14:49  Barracks  
  180  14:52  Viking  
  182  14:54  Marine x4  
  186  15:06  Supply Depot  
  186  15:07  Supply Depot  
  186  15:08  Supply Depot  
  186  15:10  Terran Infantry Armor Level 2, Supply Depot  
  186  15:12  Marine  
  186  15:13  Terran Infantry Weapons Level 2  
  187  15:27  Marine x2, Viking x2  
  187  15:28  Marauder, Marine  
  195  15:29  Marauder, Marine  
  195  15:30  SCV  
  195  15:31  Supply Depot  
  195  15:32  Supply Depot  
  195  15:33  Supply Depot x2  
  200  15:37  Barracks  
  200  15:39  Terran Vehicle And Ship Armor Level 1  
  200  15:40  Terran Vehicle Weapons Level 1  
  200  15:45  Concussive Shells  
  200  15:47  Smart Servos  
  200  15:48  Drilling Claws  
  200  15:49  Refinery  
  200  15:52  Refinery  
  200  15:55  Planetary Fortress  
  199  16:27  Barracks  
  114  17:01  Barracks Reactor, Barracks Tech Lab  
  114  17:03  Marauder x2, Marine  
  114  17:04  Marine x3  
  114  17:07  Viking x2  
  122  17:11  Thor  
  119  17:21  Marine  
  119  17:22  Marine x3  
  120  17:24  Marauder x2  
  121  17:37  Viking x2  
  121  17:39  Marine x3  
  121  17:40  Marine  
  110  17:45  Marauder x2  
  109  17:57  Marine x4  
  97  18:07  Marauder x2, Viking x2  
  97  18:09  Thor x2  
  108  18:15  Marine x4  
  102  18:28  Marauder  
  102  18:33  Marine x3  
  109  18:37  Viking x2  
  93  18:51  Marine x3  
  99  18:56  Starport  
  99  18:57  Starport  
  99  18:58  Starport  
  99  18:59  Starport  
Tags
 
Add a new tag
Caveats
  • Supply blocks, unpowered buildings, or Contaminate may cause inaccurate times.
  • Supply counts are checked every 10 seconds.